 Dungeon Crawl Stone Soup version 0.30.1-4-g462c640d31 (webtiles) character file.

Game seed: 12752555889533767103

432976 Peloso the Slayer (level 22, -4/222 (226) HPs)
             Began as a Minotaur Fighter on Aug 20, 2023.
             Was the Champion of Okawaru.
             Slain by a skeletal warrior
             ... wielding a +0 halberd
              (7 damage)
             ... on level 2 of the Crypt.
             The game lasted 02:55:37 (48699 turns).

Peloso the Slayer (Minotaur Fighter)               Turns: 48699, Time: 02:55:38

HP:   -4/222 (226)  AC: 36    Str: 24    XL:     22   Next: 56%
MP:   22/22         EV: 12    Int:  7    God:    Okawaru [******]
Gold: 3892          SH: 18    Dex: 18    Spells: 21/21 levels left

rFire   + + .        a - +7 double sword (heavy)
rCold   + + +        d - +0 kite shield {reflect}
rNeg    + + .        r - +9 plate armour of Jixzaut {rCorr Str+2}
rPois   +            f - +4 hat "Heit" {rF+}
rElec   +            Q - +1 cloak of Fallacy {rElec rPois rC+++ Str-2}
rCorr   +            o - +1 pair of gloves of Analysis {rElec rF+ rC+}
SInv    .            j - +0 pair of boots of Tatwojec {rElec Regen+ Int+2 Slay+3}
Will    ++...        q - amulet of regeneration Stlth
                     H - ring of Kikubaaqudgha's Whim {rN+ Will+}
HPRegen 2.17/turn    k - ring of positive energy
MPRegen 0.18/turn

%: reflection
@: about to teleport, hasted and slowed, lightly drained
A: horns 2, retaliatory headbutt, deformed body
}: 3/15 runes: barnacled, silver, gossamer
a: Renounce Religion, Heroism, Finesse, Duel


You were on level 2 of the Crypt.
You worshipped Okawaru.
Okawaru was exalted by your worship.
You visited 8 branches of the dungeon, and saw 40 of its levels.
You also visited: Trove, Bailey and Gauntlet.

You collected 6297 gold pieces.
You spent 2405 gold pieces at shops.

Inventory:

Hand Weapons
 a - a +7 heavy double sword (weapon)
 b - a +5 demon blade of flaming
 c - the +8 autumn katana {manifold assault}
   (Okawaru gifted it to you on level 4 of the Spider Nest)
 v - the +11 Singing Sword {sonic wave}
   (Okawaru gifted it to you on level 4 of the Vaults)
Armour
 d - a +0 kite shield of reflection (worn)
 f - the +4 hat "Heit" (worn) {rF+}
   (Okawaru gifted it to you on level 11 of the Dungeon)

   rF:        It protects you from fire.
 j - the +0 pair of boots of Tatwojec (worn) {rElec Regen+ Int+2 Slay+3}
   (You found it in a Gauntlet)

   Int:       It affects your intelligence (+2).
   Slay:      It affects your accuracy & damage with ranged weapons and melee
   (+3).
   rElec:     It insulates you from electricity.
   Regen:     It increases your rate of health regeneration.
 o - the +1 pair of gloves of Analysis (worn) {rElec rF+ rC+}
   (You found it in a treasure trove)

   rF:        It protects you from fire.
   rC:        It protects you from cold.
   rElec:     It insulates you from electricity.
 r - the +9 plate armour of Jixzaut (worn) {rCorr Str+2}
   (You bought it in a shop on level 8 of the Dungeon)

   Str:       It affects your strength (+2).
   rCorr:     It protects you from acid and corrosion.
 N - the +13 crystal plate armour "Saicaep" {rF+++ Will+ Str+2 Dex-2}
   (You acquired it in a bailey)

   Str:       It affects your strength (+2).
   Dex:       It affects your dexterity (-2).
   rF:        It renders you almost immune to fire.
   Will:      It increases your willpower.
 Q - the +1 cloak of Fallacy (worn) {rElec rPois rC+++ Str-2}
   (You found it in a Gauntlet)

   Str:       It affects your strength (-2).
   rC:        It renders you almost immune to cold.
   rElec:     It insulates you from electricity.
   rPois:     It protects you from poison.
Jewellery
 k - a ring of positive energy (right hand)
 q - an amulet of regeneration (around neck)
 u - the ring "Raromerr" {Drain rF+ Will+ rCorr}
   (You found it in a treasure trove)

   [ring of resist corrosion]

   rF:        It protects you from fire.
   rCorr:     It protects you from acid and corrosion.
   Drain:     It drains your maximum health when unequipped.
   Will:      It increases your willpower.
 H - the ring of Kikubaaqudgha's Whim (left hand) {rN+ Will+}
   (You found it in a Gauntlet)

   [ring of positive energy]

   rN:        It protects you from negative energy.
   Will:      It increases your willpower.
 W - a +4 ring of slaying
Wands
 n - a wand of digging (10)
 p - a wand of flame (12)
 t - a wand of paralysis (2)
Scrolls
 e - 16 scrolls of teleportation
 l - 7 scrolls of poison
 B - 9 scrolls of immolation
 C - 6 scrolls of magic mapping
 M - 3 scrolls of acquirement
 S - 2 scrolls of fear
 X - 20 scrolls of identify
Potions
 g - 8 potions of might
 h - 9 potions of flight
 m - 3 potions of lignification
 s - 11 potions of curing
 w - 9 potions of haste
 F - 3 potions of resistance
 K - a potion of invisibility
 Y - 3 potions of berserk rage


   Skills:
 + Level 25.1 Fighting
 + Level 0.5(15.0) Short Blades
 + Level 24.5 Long Blades
 + Level 22.3 Armour
 + Level 7.1 Dodging
 + Level 2.5 Stealth
 + Level 24.9 Shields
 + Level 2.4 Invocations
 + Level 3.7 Evocations


You had 21 spell levels left.
You didn't know any spells.
Your spell library contained the following spells:

 Spells                   Type           Power      Damage    Failure   Level
 Magic Dart               Conj           0%         1d3       93%         1
 Necrotise                Necr           0%         1d4       93%         1
 Slow                     Hex            0%         N/A       93%         1
 Blink                    Tloc           0%         N/A       98%         2
 Ensorcelled Hibernation  Hex/Ice        0%         N/A       98%         2
 Lesser Beckoning         Tloc           0%         N/A       98%         2
 Momentum Strike          Conj/Tloc      0%         3d8       98%         2
 Sublimation of Blood     Necr           0%         N/A       98%         2
 Wereblood                Tmut           0%         N/A       98%         2
 Confusing Touch          Hex            0%         N/A       100%        3
 Dazzling Flash           Conj/Hex       0%         N/A       100%        3
 Gell's Gravitas          Tloc           0%         N/A       100%        3
 Mephitic Cloud           Conj/Pois/Air  0%         N/A       100%        3
 Ozocubu's Armour         Ice            0%         N/A       100%        3
 Spider Form              Tmut/Pois      0%         N/A       100%        3
 Stone Arrow              Conj/Erth      0%         3d7       100%        3
 Teleport Other           Tloc           0%         N/A       100%        3
 Vampiric Draining        Necr           0%         2d6       100%        3
 Volatile Blastmotes      Fire/Tloc      0%         2d10      100%        3
 Anguish                  Hex/Necr       0%         N/A       100%        4
 Cause Fear               Hex            0%         N/A       100%        4
 Iskenderun's Mystic Bla  Conj/Tloc      0%         2d3       100%        4
 Manifold Assault         Tloc           0%         N/A       100%        4
 Olgreb's Toxic Radiance  Pois           0%         N/A       100%        4
 Passage of Golubria      Tloc           0%         N/A       100%        4
 Petrify                  Tmut/Erth      0%         N/A       100%        4
 Agony                    Necr           0%         N/A       100%        5
 Irradiate                Conj/Tmut      0%         3d11      100%        5
 Iskenderun's Battlesphe  Conj           0%         2d6       100%        5
 Yara's Violent Unravell  Hex/Tmut       0%         3d3       100%        5
 Iron Shot                Conj/Erth      0%         9d1       100%        6
 Starburst                Conj/Fire      0%         6d3       100%        6
 Enfeeble                 Hex            0%         N/A       100%        7
 Orb of Destruction       Conj           0%         9d5       100%        7
 Ozocubu's Refrigeration  Ice            0%         4d7       100%        7
 Storm Form               Tmut/Air       0%         N/A       100%        7
 Borgnjor's Revivificati  Necr           0%         N/A       100%        8
 Discord                  Hex            0%         N/A       100%        8
 Ignition                 Fire           0%         3d3       100%        8
 Lehudib's Crystal Spear  Conj/Erth      0%         10d2      100%        8
 Necromutation            Tmut/Necr      0%         N/A       100%        8
 Death's Door             Necr           0%         N/A       100%        9
 Call Imp                 Summ           Unusable   N/A       N/A         2
 Summon Guardian Golem    Hex/Summ       Unusable   N/A       N/A         3
 Tukima's Dance           Hex            Unusable   N/A       N/A         3
 Animate Armour           Summ/Erth      Unusable   N/A       N/A         4
 Spellforged Servitor     Conj/Summ      Unusable   N/A       N/A         7
 Summon Hydra             Summ           Unusable   N/A       N/A         7

Dungeon Overview and Level Annotations

Branches:
Dungeon (15/15)            Temple (0/1) D:7            Lair (5/5) D:11
 Shoals (4/4) Lair:3       Spider (4/4) Lair:2        Slime (0/5) Lair:4
    Orc (2/2) D:12            Elf (3/3) Orc:2        Vaults (5/5) D:14
  Crypt (2/3) Vaults:3     Depths (0/4) D:15         Bailey (visited)
Gauntlet (visited)

Altars:
Dithmenos
Fedhas
Gozag
Hepliaklqana
Kikubaaqudgha
Makhleb
Okawaru
Qazlal
Ru
Sif Muna
Vehumet
Xom
Yredelemnul
Jiyva
Lugonu

Shops:
D:2 *   D:4 [   D:8 *   D:13 *   Orc:2 [*(=   Elf:1 *   Elf:2 *((==   Elf:3 =
Shoals:1 *   Shoals:2 ?   Vaults:1 [   Vaults:2 (   Vaults:3 :

Portals:
Abyss: Lair:4

Annotations:
D:13 Casa


Innate Abilities, Weirdness & Mutations

You have a pair of horns on your head.
You reflexively headbutt those who attack you in melee.
Armour fits poorly on your strangely shaped body.


Message History

The curse skull rattles its jaw.
Something hits you.
* * * LOW HITPOINT WARNING * * *
Something drains your vigour!
You feel yourself slow down.
Deactivating autopickup; reactivate with Ctrl-A.
Unknown command.
You closely miss the spectral spriggan defender.
The flying skull disappears in a puff of smoke!
The shadow disappears in a puff of smoke!
You block the necrophage's attack.
The spectral spriggan defender hits you but does no damage.
You block the ghoul's attack. The ghoul closely misses you. Something hits you!
* * * LOW HITPOINT WARNING * * *
Something drains your vigour!
You feel as though you will be slow longer.
Something hits you but does no damage.
Unknown command.
As you read the scroll of teleportation, it crumbles to dust.
You feel strangely unstable. The jiangshi claws you.
* * * LOW HITPOINT WARNING * * *
You block the jiangshi's attack.
You block the spectral spriggan defender's attack.
The necrophage hits you.
* * * LOW HITPOINT WARNING * * *
The jiangshi claws you but does no damage.
The jiangshi barely misses you. The ghoul barely misses you.
You furiously retaliate!
You headbutt the ghoul. The ghoul claws you!
* * * LOW HITPOINT WARNING * * *
Something hits you but does no damage. x2
You chop the eidolon into pieces!!!
You destroy the eidolon!
Okawaru accepts your kill. You block the jiangshi's attack.
The jiangshi claws you!
* * * LOW HITPOINT WARNING * * *
The jiangshi draws strength from your injuries!
The necrophage hits you.
* * * LOW HITPOINT WARNING * * *
You partially resist.
The skeletal warrior hits you from afar with a +0 halberd!
You die...

........)...#
##....⌠)...##
##.....WW##
#.⌠...⌠z#
##.....2z##
#....⌠.nz§###
#.......zZzZZ###
...#######znzV.#####
... ##{@.Zn...#
###n.§§<.# ####...#
#####


You could see a ghoul, a reaper, 6 skeletal warriors, a jiangshi (summoned), a
curse skull, a spectral spriggan defender (summoned), a bog body, 2 necrophages,
a shadow (summoned), a bat skeleton, a harpy skeleton (summoned) and a spriggan
defender skeleton (summoned).

Vanquished Creatures
  3 ancient liches (Vaults:4)
  A dread lich (Vaults:4)
  Mara (Spider:2)
  Arachne (Spider:1)
  2 tentacled monstrosities
  A lich (Vaults:4)
  3 titans
  2 quicksilver dragons (Vaults:4)
  2 deep elf blademasters
  A deep elf master archer (Elf:3)
  Gastronok (Lair:3)
  3 shadow dragons (Vaults:4)
  Frances (Spider:2)
  7 sphinxes
  6 tengu reavers
  Kirke (D:12)
  3 storm dragons (Vaults:4)
  A revenant (Crypt:1)
  Donald (Lair:2)
  17 vault wardens
  8 deep elf sorcerers
  2 frost giants
  A fire giant (shapeshifter) (Vaults:4)
  5 fire giants
  Aizul (Spider:2)
  7 emperor scorpions
  2 curse skulls
  4 ghost moths
  3 deep elf elementalists (Elf:3)
  The ghost of Cown the Bludgeoner, a journeyman TrHu of Yredelemnul (D:14)
  4 orc warlords
  The ghost of aeroqp the Devastator, an adept VSCj of Elyvilon (Orc:2)
  8 very ugly things
  16 ironbound preservers
  4 war gargoyles
  A reaper (Gauntlet)
  6 ghouls (Crypt:1)
  9 ironbound thunderhulks
  4 stone giants (Vaults:4)
  A broodmother (Spider:4)
  A vampire knight (Crypt:1)
  10 deep elf annihilators
  2 deep elf demonologists (Elf:3)
  Azrael (Elf:1)
  5 dire elephants
  2 spark wasps (Spider:4)
  2 minotaurs
  Nessos (Lair:4)
  A crystal guardian (Vaults:2)
  Snorg (D:12)
  6 deep elf death magi
  2 ettins
  13 yaktaur captains
  An eidolon (Crypt:2)
  6 merfolk impalers
  4 deep elf high priests
  2 jiangshi (Crypt:1)
  7 great orbs of eyes
  3 entropy weavers
  5 hydras
  Harold (Orc:1)
  Erolcha (D:13)
  10 centaur warriors
  A spectral tengu (D:14)
  3 peacekeepers
  38 vault guards
  2 merfolk avatars
  3 death knights (Crypt:1)
  5 ironbound frosthearts
  5 ogre magi
  3 radroaches
  16 two-headed ogres
  11 satyrs
  5 boulder beetles
  2 jorogumos
  A vampire mage (Crypt:1)
  26 dancing weapons
  5 death yaks
  A merfolk aquamancer (Shoals:2)
  3 orc high priests
  A deep troll earth mage (Vaults:4)
  3 tengu warriors
  Urug (Orc:1)
  A storm dragon zombie (D:14)
  11 deep elf knights
  A fire crab (Gauntlet)
  11 skeletal warriors
  4 skysharks
  A titan skeleton (D:15)
  A death drake (shapeshifter) (Vaults:4)
  2 golden dragon zombies
  9 pharaoh ants
  14 orb spiders
  2 sun moths (Spider:4)
  A tengu zombie (D:14)
  35 deep trolls
  An orange crystal statue (D:9)
  8 phantasmal warriors
  20 lindwurms
  A flayed ghost (D:15)
  9 steelbarb worms
  12 sea snakes
  18 deep elf archers
  7 wizards
  21 deep elf zephyrmancers
  33 harpies
  37 deep elf pyromancers
  3 necromancers
  A stone giant zombie (D:15)
  11 ironbound convokers
  5 orc sorcerers
  24 ugly things
  11 orc knights
  A fire giant zombie (D:14)
  20 wolf spiders
  5 cyclopes
  22 fauns
  A salamander (shapeshifter) (D:15)
  15 manticores
  A worldbinder (Gauntlet)
  A black mamba (shapeshifter) (Vaults:4)
  3 water nymphs
  6 merfolk sirens
  7 black mambas
  10 demonic crawlers
  A guardian serpent (Lair:5)
  22 vault sentinels
  A shock serpent zombie (Crypt:1)
  2 gargoyles
  5 torpor snails
  A water nymph (shapeshifter) (Vaults:5)
  A steelbarb worm zombie (Crypt:1)
  14 cane toads
  A rime drake (shapeshifter) (Elf:2)
  3 rime drakes
  An unseen horror (D:13)
  8 komodo dragons
  A kobold demonologist (D:9)
  4 freezing wraiths
  16 yaktaurs
  4 tengu conjurers
  A guardian mummy (D:15)
  5 trolls
  A pale draconian skeleton (Crypt:1)
  3 meliai (Spider:3)
  A queen bee (Spider:3)
  A troll (shapeshifter) (D:15)
  A queen bee (shapeshifter) (D:13)
  A death drake zombie (Crypt:1)
  38 merfolk
  A polar bear (Lair:5)
  2 hellwings (Gauntlet)
  6 hornets
  17 tarantellas
  A golden dragon simulacrum (D:14)
  9 wind drakes
  A sphinx simulacrum (D:14)
  12 blink frogs
  5 snapping turtles
  A dream sheep (shapeshifter) (Vaults:5)
  6 dream sheep (Lair:4)
  A fire dragon zombie (Crypt:1)
  13 slime creatures
  3 flying skulls (Crypt:1)
  11 water elementals
  Sigmund (D:2)
  15 culicivoras
  31 jumping spiders
  A spriggan (shapeshifter) (Vaults:4)
  A shadow (D:11)
  A vampire (D:14)
  A spriggan zombie (D:15)
  3 air elementals (Elf:1)
  60 yaks
  3 fire bats (Gauntlet)
  6 wraiths
  7 wyverns
  A yak (shapeshifter) (D:14)
  4 humans
  5 fire elementals
  4 basilisks
  48 redbacks
  A wind drake skeleton (Crypt:1)
  6 vampire mosquitoes
  2 steam dragons (D:7)
  A faun zombie (Crypt:1)
  4 wargs
  Edmund (D:4)
  4 acid dragons
  25 water moccasins
  A hell hound (Elf:1)
  37 orc warriors
  3 ice beasts
  A sky beast (D:7)
  An ettin simulacrum (D:14)
  2 boggarts (Gauntlet)
  15 ogres
  2 phantoms (D:6)
  13 centaurs
  7 kobold brigands
  Blork the orc (D:6)
  A gnoll sergeant (D:9)
  7 bullfrogs
  3 necrophages (Crypt:1)
  2 earth elementals
  4 scorpions
  9 wights
  37 killer bees
  A shapeshifter skeleton (Crypt:1)
  3 howler monkeys (D:9)
  6 electric eels
  2 lava snakes (D:9)
  3 gnoll boudas (D:9)
  5 jellies (Lair:4)
  21 orc priests
  Ijyb (D:4)
  5 hounds
  2 iguanas (D:4)
  38 orc wizards
  Natasha (twice) (D:2)
  A tengu simulacrum (D:14)
  3 polar bear simulacra (D:10)
  4 wolf simulacra (D:10)
  3 yak simulacra (D:10)
  8 gnolls
  9 adders
  2 shadow imps
  A white imp (D:6)
  2 worms
  A worm (shapeshifter) (Vaults:5)
  4 dart slugs
  75 orcs
  3 endoplasms
  2 giant cockroaches
  8 goblins
  8 hobgoblins
  4 jackals
  17 kobolds
  2 quokkas
  A ball python (D:1)
  4 bats
  8 frilled lizards
  A hobgoblin skeleton (Crypt:1)
  3 rats
  A river rat simulacrum (D:10)
  A lurking horror (Lair:4)
1648 creatures vanquished.

Vanquished Creatures (others)
  A deep elf demonologist (Elf:3)
  2 deep elf knights
  2 deep elf zephyrmancers (Elf:1)
  An air elemental (Elf:1)
  A redback (Spider:4)
  A killer bee (Spider:3)
  A lurking horror (Lair:4)
9 creatures vanquished.

Grand Total: 1657 creatures vanquished

Notes
Turn   | Place    | Note
-------+----------+-------------------------------------------
     0 | D:1      | Peloso the Minotaur Fighter began the quest for the Orb.
     0 | D:1      | Reached XP level 1. HP: 19/19 MP: 0/0
   190 | D:1      | Reached skill level 4 in Fighting
   190 | D:1      | Reached XP level 2. HP: 14/27 MP: 1/1
   633 | D:2      | Identified the +5 dagger of the Stopping Tiger {drain,
                  | *Noise Str+3}
   695 | D:2      | Noticed Sigmund
   717 | D:2      | Killed Sigmund
   718 | D:2      | Reached skill level 5 in Armour
   718 | D:2      | Reached skill level 1 in Dodging
   718 | D:2      | Reached XP level 3. HP: 12/34 MP: 2/2
   718 | D:2      | Reached XP level 4. HP: 15/41 MP: 3/3
   718 | D:2      | Reached XP level 5. HP: 17/47 MP: 4/4
   971 | D:2      | Found Locutsik's Assorted Antiques.
   981 | D:2      | Bought a scroll labelled POSAEM IROULI for 23 gold pieces
  1193 | D:2      | Noticed Natasha
  1201 | D:2      | Killed Natasha
  1369 | D:2      | You fall into a shaft and drop 2 floors!
  1550 | D:2      | Noticed Natasha
  1555 | D:2      | Killed Natasha
  1679 | D:3      | Reached XP level 6. HP: 39/53 MP: 5/5
  2331 | D:4      | Found Juis's Armour Shop.
  2372 | D:4      | Reached skill level 5 in Long Blades
  2432 | D:4      | Noticed Ijyb
  2446 | D:4      | Killed Ijyb
  2503 | D:4      | Found a shimmering blue altar of Sif Muna.
  2579 | D:4      | Noticed Edmund
  2593 | D:4      | Killed Edmund
  2594 | D:4      | Reached XP level 7. HP: 15/60 MP: 6/6
  2650 | D:4      | Reached skill level 5 in Fighting
  3386 | D:2      | Bought a scroll labelled YMUBRA ROMEFEZ for 23 gold pieces
  3438 | D:5      | Entered Level 5 of the Dungeon
  3997 | D:5      | Reached XP level 8. HP: 23/69 MP: 7/7
  4576 | D:6      | Reached skill level 6 in Fighting
  4603 | D:6      | Found a blossoming altar of Fedhas.
  4647 | D:6      | Reached skill level 5 in Shields
  4743 | D:6      | Noticed Blork the orc
  4755 | D:6      | Killed Blork the orc
  4863 | D:6      | Found a sacrificial altar of Ru.
  4863 | D:6      | Found an iron altar of Okawaru.
  5028 | D:6      | Became a worshipper of Warmaster Okawaru
  5145 | D:6      | Noticed a manticore
  5153 | D:6      | Killed a manticore
  5154 | D:6      | Reached skill level 1 in Evocations
  5255 | D:6      | Reached XP level 9. HP: 71/78 MP: 8/8
  5651 | D:7      | Reached skill level 7 in Fighting
  5739 | D:7      | Found a hazy altar of Hepliaklqana.
  5801 | D:7      | Reached skill level 1 in Stealth
  5823 | D:7      | Reached * piety under Okawaru
  5894 | D:7      | Found a staircase to the Ecumenical Temple.
  6447 | D:8      | Reached skill level 10 in Long Blades
  6616 | D:8      | Reached skill level 8 in Fighting
  6659 | D:8      | Reached skill level 10 in Armour
  6682 | D:8      | Reached ** piety under Okawaru
  6704 | D:8      | Found Mumar's Assorted Antiques.
  6710 | D:8      | Bought a scroll labelled ORUOWK SOEMIDD for 34 gold pieces
  6733 | D:8      | Reached XP level 10. HP: 82/88 MP: 9/9
  7549 | D:9      | Found a flagged portal.
  7576 | Bailey   | Entered a bailey
  7896 | Bailey   | Reached *** piety under Okawaru
  7912 | Bailey   | Noticed an orc knight
  7924 | Bailey   | Killed an orc knight
  7932 | Bailey   | Acquired a +3 demon blade of flaming
  8446 | D:9      | Reached skill level 9 in Fighting
  8461 | D:9      | Noticed a centaur warrior
  8469 | D:9      | Noticed a boulder beetle
  8474 | D:9      | Killed a centaur warrior
  8723 | D:9      | Killed a boulder beetle
  8724 | D:9      | Reached XP level 11. HP: 96/97 MP: 6/10
  8844 | D:9      | Noticed an orange crystal statue
  8868 | D:9      | Found a shadowy altar of Dithmenos.
  9357 | D:10     | Entered Level 10 of the Dungeon
  9386 | D:9      | Reached **** piety under Okawaru
  9525 | D:10     | Found a burning altar of Makhleb.
  9539 | D:10     | Noticed a centaur warrior
  9550 | D:10     | Killed a centaur warrior
  9577 | D:10     | Found a stormy altar of Qazlal.
  9608 | D:10     | Found a radiant altar of Vehumet.
  9830 | D:10     | Found a shimmering altar of Xom.
  9979 | D:10     | Paralysed by a hornet for 1 turns
 10095 | D:10     | Reached ***** piety under Okawaru
 10179 | D:10     | Noticed a necromancer
 10185 | D:10     | Killed a necromancer
 10344 | D:10     | Received a gift from Okawaru
 10403 | D:11     | Reached skill level 10 in Fighting
 10603 | D:11     | Identified the +4 hat "Heit" {rF+} (Okawaru gifted it to
                  | you on level 11 of the Dungeon)
 10603 | D:11     | Received a gift from Okawaru
 10660 | D:11     | Found a staircase to the Lair.
 10672 | D:11     | Noticed a two-headed ogre
 10680 | D:11     | Killed a two-headed ogre
 10789 | D:11     | Identified the +5 rapier of War {protect, rC- Dex+6}
 11098 | D:11     | Found the amulet of Elemental Vulnerability {rPois rF--
                  | rC-- AC+8}
 11446 | Lair:1   | Entered Level 1 of the Lair of Beasts
 11581 | Lair:1   | Reached XP level 12. HP: 96/106 MP: 11/11
 12475 | Lair:2   | Noticed a death yak
 12475 | Lair:2   | Noticed a death yak
 12476 | Lair:2   | Noticed a death yak
 12476 | Lair:2   | Noticed a death yak
 12476 | Lair:2   | Noticed a death yak
 12509 | Lair:2   | Killed a death yak
 12517 | Lair:1   | Killed a death yak
 12527 | Lair:1   | Killed a death yak
 12618 | Lair:2   | Killed a death yak
 12626 | Lair:2   | Killed a death yak
 12627 | Lair:2   | Reached skill level 11 in Fighting
 12850 | Lair:2   | Noticed a seven-headed hydra
 12860 | Lair:2   | Killed a one-headed hydra
 12907 | Lair:2   | Found a hole to the Spider Nest.
 12978 | Lair:2   | Reached skill level 15 in Long Blades
 13045 | Lair:3   | You fall into a shaft and drop 2 floors!
 13045 | Lair:5   | Entered Level 5 of the Lair of Beasts
 13210 | Lair:5   | Received a gift from Okawaru
 13211 | Lair:5   | Reached skill level 12 in Fighting
 13362 | Lair:5   | Reached skill level 10 in Shields
 13436 | Lair:5   | Reached XP level 13. HP: 77/118 MP: 12/12
 13460 | Lair:5   | Reached ****** piety under Okawaru
 13809 | Lair:4   | Found a viscous altar of Jiyva.
 13872 | Lair:4   | Found a staircase to the Slime Pits.
 13990 | Lair:4   | Found a one-way gate to the infinite horrors of the Abyss.
 13995 | Lair:4   | Found a corrupted altar of Lugonu.
 14130 | Lair:4   | Reached skill level 13 in Fighting
 14130 | Lair:4   | Reached skill level 15 in Armour
 14284 | Lair:4   | Noticed Nessos
 14308 | Lair:4   | Killed Nessos
 14542 | Lair:3   | Noticed Gastronok
 14562 | Lair:3   | Killed Gastronok
 14562 | Lair:3   | Identified the +5 quarterstaff "Wimizeov" {heavy, Dex+4}
                  | (Okawaru gifted it to you on level 3 of the Lair of Beasts)
 14562 | Lair:3   | Received a gift from Okawaru
 14853 | Lair:3   | Found a staircase to the Shoals.
 15623 | D:12     | Found a staircase to the Orcish Mines.
 15874 | D:12     | Noticed Kirke
 15891 | D:12     | Killed Kirke
 15892 | D:12     | Reached skill level 14 in Fighting
 15892 | D:12     | Reached skill level 1 in Invocations
 16034 | D:12     | Noticed Snorg
 16050 | D:12     | Killed Snorg
 16396 | Orc:1    | Entered Level 1 of the Orcish Mines
 16396 | Orc:1    | Noticed Harold
 16408 | Orc:1    | Killed Harold
 16408 | Orc:1    | Noticed an ettin
 16435 | Orc:1    | Killed an ettin
 16436 | Orc:1    | Reached XP level 14. HP: 88/132 MP: 10/13
 16463 | Orc:1    | Noticed Urug
 16489 | Orc:1    | Killed Urug
 16489 | Orc:1    | Identified the +0 plate armour "Tireomap" {rC+ Str+6}
                  | (Okawaru gifted it to you on level 1 of the Orcish Mines)
 16489 | Orc:1    | Received a gift from Okawaru
 16716 | Orc:2    | Entered Level 2 of the Orcish Mines
 16739 | Orc:2    | Found a runed translucent gate.
 16739 | Orc:2    | Found a runed translucent gate.
 16741 | Orc:2    | Found an opulent altar of Gozag.
 16743 | Orc:2    | Found a runed translucent gate.
 16828 | Orc:2    | Noticed an orc warlord
 16847 | Orc:2    | Noticed aeroqp's ghost (adept VSCj)
 16960 | Orc:2    | Killed an orc warlord
 17455 | Orc:2    | Noticed an orc warlord
 17502 | Orc:2    | Killed an orc warlord
 17633 | Orc:2    | Found Iwemow's Antique Armour Shoppe.
 17637 | Orc:2    | Reached skill level 15 in Fighting
 17644 | Orc:2    | Found Kocrir's General Store.
 17677 | Orc:2    | Bought a pair of encrusted gloves for 361 gold pieces
 17677 | Orc:2    | Identified the +0 pair of gloves "Tovvuap" {rC+} (You
                  | bought it in a shop on level 2 of the Orcish Mines)
 17752 | Orc:2    | Found a staircase to the Elven Halls.
 18010 | Orc:2    | Found Wysabiab's Antique Weapon Shoppe.
 18032 | Orc:2    | Found Wufac's Jewellery Shoppe.
 18182 | D:8      | Bought a heavily runed plate armour for 952 gold pieces
 18182 | D:8      | Identified the +9 plate armour of Jixzaut {rCorr Str+2}
                  | (You bought it in a shop on level 8 of the Dungeon)
 20553 | D:13     | Found Lioscho's Assorted Antiques.
 20620 | D:13     | Noticed Erolcha
 20626 | D:13     | Killed Erolcha
 20708 | D:13     | Identified the +1 demon blade "Jazibip" {flame, rF+ rC-
                  | Str+6} (Okawaru gifted it to you on level 13 of the
                  | Dungeon)
 20708 | D:13     | Received a gift from Okawaru
 20995 | D:13     | Reached skill level 16 in Fighting
 21128 | D:14     | Found a gate leading to a gauntlet.
 21157 | Gauntlet | Entered a Gauntlet
 21157 | Gauntlet | Found a transporter.
 21157 | Gauntlet | Found a transporter.
 21157 | Gauntlet | Found a transporter.
 21178 | Gauntlet | Found a transporter.
 21180 | Gauntlet | Found a large runed translucent door.
 21181 | Gauntlet | Found a large runed translucent door.
 21182 | Gauntlet | Found a large runed translucent door.
 21182 | Gauntlet | Found a large runed translucent door.
 21182 | Gauntlet | Found a runed translucent door.
 21182 | Gauntlet | Found a runed translucent door.
 21183 | Gauntlet | Found a large runed translucent door.
 21184 | Gauntlet | Found a large runed translucent door.
 21184 | Gauntlet | Found a large runed translucent door.
 21184 | Gauntlet | Found a large runed translucent door.
 21184 | Gauntlet | Found a large runed translucent door.
 21184 | Gauntlet | Found a large runed translucent door.
 21185 | Gauntlet | Found a large runed translucent door.
 21186 | Gauntlet | Found a large runed translucent door.
 21188 | Gauntlet | Found a large runed translucent door.
 21188 | Gauntlet | Found a large runed translucent door.
 21188 | Gauntlet | Found a large runed translucent door.
 21188 | Gauntlet | Found a large runed translucent door.
 21192 | Gauntlet | Found a runed translucent gate.
 21192 | Gauntlet | Found a runed translucent gate.
 21192 | Gauntlet | Found a runed translucent gate.
 21194 | Gauntlet | Found a transporter.
 21197 | Gauntlet | Found a transporter.
 21204 | Gauntlet | Noticed a reaper
 21217 | Gauntlet | Found a transporter.
 21234 | Gauntlet | Found a transporter.
 21236 | Gauntlet | Noticed a reaper
 21237 | Gauntlet | Found a transporter.
 21240 | Gauntlet | Found a transporter.
 21281 | Gauntlet | Found a transporter.
 21284 | Gauntlet | Found a transporter.
 21327 | Gauntlet | Reached XP level 15. HP: 141/144 MP: 11/14
 21372 | Gauntlet | Identified the +0 pair of boots of Tatwojec {rElec Regen+
                  | Int+2 Slay+3}
 21430 | Gauntlet | Identified the +1 cloak of Fallacy {rElec rPois rC+++
                  | Str-2}
 21480 | Gauntlet | Identified the +6 fire dragon scales "Elued" {rF++ rC-
                  | Str+3 Int+3}
 21510 | Gauntlet | Identified the ring of Kikubaaqudgha's Whim {rN+ Will+}
 21518 | Gauntlet | Identified the +2 cloak of the Enchanted Forest {Will+++
                  | Int-2}
 21624 | D:14     | Identified the +5 scale mail "Wiecea" {rPois SInv} (Okawaru
                  | gifted it to you on level 14 of the Dungeon)
 21624 | D:14     | Received a gift from Okawaru
 21631 | D:15     | Entered Level 15 of the Dungeon
 22135 | D:13     | You fall into a shaft and drop 2 floors!
 22137 | D:15     | Found a radiant altar of Vehumet.
 22437 | D:14     | Found an iron altar of Okawaru.
 22920 | D:14     | Found a runed translucent gate.
 22920 | D:14     | Found a runed translucent gate.
 22921 | D:14     | Found a runed translucent gate.
 22921 | D:14     | Noticed Cown's ghost (journeyman TrHu)
 23081 | D:14     | Found a gate to the Vaults.
 23209 | D:15     | Reached skill level 17 in Fighting
 23210 | D:15     | Found a staircase to the Depths.
 23291 | D:15     | Received a gift from Okawaru
 24591 | Elf:1    | Entered Level 1 of the Elven Halls
 24591 | Elf:1    | Noticed a deep elf sorcerer
 24594 | Elf:1    | Killed a deep elf sorcerer
 24615 | Elf:1    | Noticed Azrael
 24652 | Elf:1    | Killed Azrael
 24836 | Elf:1    | Paralysed by an air elemental for 1 turns
 24840 | Elf:1    | Reached XP level 16. HP: 140/157 MP: 16/16
 24881 | Elf:1    | Received a gift from Okawaru
 25252 | Elf:1    | Found Bounnep's General Store.
 25369 | Elf:1    | Paralysed by an air elemental for 1 turns
 25404 | Elf:1    | Reached skill level 18 in Fighting
 25640 | Elf:2    | Found Pedeceh's Assorted Antiques.
 25931 | Elf:2    | Found Quku's Jewellery Shop.
 25933 | Elf:2    | Found Milesmae's Jewellery Shop.
 25933 | Elf:2    | Found Eshreh's Antique Weapon Boutique.
 25938 | Elf:2    | Found Cedghe's Weapon Boutique.
 26043 | Elf:2    | Found a runed translucent gate.
 26044 | Elf:2    | Found a runed translucent gate.
 26047 | Elf:2    | Found a runed translucent gate.
 26368 | Elf:3    | Entered Level 3 of the Elven Halls
 26514 | Elf:3    | Noticed a deep elf blademaster
 26590 | Elf:3    | Killed a deep elf blademaster
 26590 | Elf:3    | Identified the +4 ring mail "Metuoness" {Rampage} (Okawaru
                  | gifted it to you on level 3 of the Elven Halls)
 26590 | Elf:3    | Received a gift from Okawaru
 26621 | Elf:3    | Noticed an Executioner
 26650 | Elf:3    | Noticed a deep elf blademaster
 26731 | Elf:3    | Noticed a deep elf master archer
 26750 | Elf:3    | Killed a deep elf master archer
 26751 | Elf:3    | Reached skill level 15 in Shields
 26882 | Elf:3    | Reached skill level 19 in Fighting
 27005 | Elf:3    | Reached XP level 17. HP: 158/168 MP: 17/17
 27049 | Elf:3    | Identified the +2 pair of boots of Dramatic Exits {Regen+
                  | Dex+3} (Okawaru gifted it to you on level 3 of the Elven
                  | Halls)
 27049 | Elf:3    | Received a gift from Okawaru
 27166 | Elf:3    | Found Biocigh's Jewellery Emporium.
 27261 | Elf:3    | Identified the +0 robe of Moas {+Blink Int+3}
 27338 | Elf:3    | Identified the staff of poison "Uxzuici" {rPois rN+}
 27414 | Elf:3    | Identified the staff of air "Voca" {+Blink rElec Will+
                  | Str-5 Dex+3}
 27596 | Elf:3    | Found a portal to a secret trove of treasure.
 28164 | Elf:3    | You paid a toll of +6 fire dragon scales to enter a
                  | treasure trove
 28165 | Trove    | Entered a treasure trove
 28169 | Trove    | Identified the +1 hat of Sylerr {+Inv rElec Will+ Str-4}
 28184 | Trove    | Identified the +1 pair of gloves of Analysis {rElec rF+
                  | rC+}
 28198 | Trove    | Found the +3 Elemental Staff {rElec rF+ rC+ AC+3}
 28213 | Trove    | Identified the ring "Raromerr" {Drain rF+ Will+ rCorr}
 28278 | Trove    | Acquired the +13 crystal plate armour "Saicaep" {rF+++
                  | Will+ Str+2 Dex-2}
 28280 | Trove    | Acquired a +1 double sword of holy wrath
 28773 | Elf:2    | Noticed a deep elf blademaster
 28787 | Elf:2    | Killed a deep elf blademaster
 28845 | Elf:2    | Reached skill level 5 in Dodging
 28947 | Elf:2    | HP: 8/170 [something/shard of ice (2)]
 28966 | Elf:2    | Identified the +2 morningstar "Viloji" {freeze, Contam
                  | rElec rC++ SInv} (Okawaru gifted it to you on level 2 of
                  | the Elven Halls)
 28966 | Elf:2    | Received a gift from Okawaru
 29411 | D:14     | Killed Cown's ghost
 29571 | Orc:2    | Reached skill level 20 in Fighting
 29581 | Orc:2    | Killed aeroqp's ghost
 29834 | Spider:1 | Entered Level 1 of the Spider Nest
 29834 | Spider:1 | Noticed Donald
 29849 | Lair:2   | HP: 3/170 [tarantella (6)]
 29989 | Lair:2   | HP: 5/170 [something (18)]
 29990 | Lair:2   | HP: 1/170 [something (7)]
 29991 | Lair:2   | Killed Donald
 30121 | Spider:1 | Received a gift from Okawaru
 30777 | Shoals:1 | Entered Level 1 of the Shoals
 30883 | Shoals:1 | Found Arhou's Island Escapes.
 30907 | Shoals:1 | Reached XP level 18. HP: 174/180 MP: 18/18
 30948 | Shoals:1 | Bought a scroll of blinking for 142 gold pieces
 31407 | Shoals:2 | Received a gift from Okawaru
 31407 | Shoals:2 | Found the +18 Lear's hauberk
 31479 | Shoals:2 | Identified the ring "Ofycvas" {rPois Will- rCorr Int+3
                  | Dex+3}
 31855 | Shoals:2 | Found Raudon's Magic Scroll Shop.
 31884 | Shoals:2 | Bought a scroll of acquirement for 676 gold pieces
 31884 | Shoals:2 | Bought a scroll of enchant weapon for 97 gold pieces
 31884 | Shoals:2 | Bought a scroll of magic mapping for 97 gold pieces
 32863 | Shoals:4 | Entered Level 4 of the Shoals
 32885 | Shoals:4 | Reached skill level 21 in Fighting
 32966 | Shoals:4 | Identified the +5 ring mail of Pastuf {rElec} (Okawaru
                  | gifted it to you on level 4 of the Shoals)
 32966 | Shoals:4 | Received a gift from Okawaru
 33414 | Shoals:4 | Identified the +1 morningstar "Uwud" {freeze, Stlth+}
 33447 | Shoals:4 | Identified the staff of earth "Piri" {rC++ rCorr Int-2
                  | Stlth+}
 33623 | Shoals:4 | Reached XP level 19. HP: 176/190 MP: 19/19
 33625 | Shoals:4 | Got a barnacled rune of Zot
 34268 | Spider:2 | Identified the +0 pair of boots "Nosouno" {Harm rF+ Dex-2
                  | Slay+2} (Okawaru gifted it to you on level 2 of the Spider
                  | Nest)
 34268 | Spider:2 | Received a gift from Okawaru
 34305 | Spider:2 | Noticed Arachne
 34306 | Spider:2 | Noticed Frances
 34385 | Spider:1 | Killed Arachne
 34500 | Spider:2 | Killed Frances
 34826 | Spider:3 | Noticed Aizul
 34833 | Spider:3 | Noticed Mara
 34848 | Spider:2 | Killed Aizul
 34906 | Spider:3 | Noticed Peloso's illusion
 34965 | Spider:3 | Noticed Peloso's illusion
 34972 | Spider:2 | Noticed Peloso's illusion
 35011 | Spider:2 | Noticed Peloso's illusion
 35016 | Spider:2 | Killed Mara
 35877 | Spider:3 | Gained mutation: Armour fits poorly on your strangely
                  | shaped body. [mutagenic glow]
 36475 | Spider:4 | Entered Level 4 of the Spider Nest
 37085 | Spider:4 | Reached skill level 22 in Fighting
 37260 | Spider:4 | Received a gift from Okawaru
 37260 | Spider:4 | Found the +8 autumn katana {manifold assault}
 37688 | Spider:4 | Got a gossamer rune of Zot
 37871 | Spider:4 | Identified the orb of Gluttony {guile, +Inv Int+3 Slay+3}
 38319 | Vaults:1 | Entered Level 1 of the Vaults
 38711 | Vaults:1 | Received a gift from Okawaru
 38712 | Vaults:1 | Reached XP level 20. HP: 197/202 MP: 20/20
 39151 | Vaults:1 | Found Zael's Antique Armour Boutique.
 39835 | Vaults:2 | Identified the +1 plate armour of Courage {*Slow rC++}
                  | (Okawaru gifted it to you on level 2 of the Vaults)
 39835 | Vaults:2 | Received a gift from Okawaru
 40010 | Vaults:2 | Found Faiw's Weapon Shoppe.
 40701 | Vaults:3 | Reached skill level 23 in Fighting
 40902 | Vaults:3 | Found Hirabeuf's Book Emporium.
 41188 | Vaults:3 | Identified the +11 whip of the Tomato {spect, Dex+3}
 41301 | Vaults:3 | Received a gift from Okawaru
 41444 | Vaults:3 | Received a gift from Okawaru
 41594 | Vaults:3 | Found a staircase to the Crypt.
 41594 | Vaults:3 | Found an ancient bone altar of Kikubaaqudgha.
 41595 | Vaults:3 | Found a basalt altar of Yredelemnul.
 42036 | Vaults:4 | Reached XP level 21. HP: 178/212 MP: 21/21
 43055 | Vaults:5 | Entered Level 5 of the Vaults
 43078 | Vaults:4 | Reached skill level 24 in Fighting
 43237 | Vaults:5 | Noticed an ancient lich
 43237 | Vaults:5 | Noticed a dread lich
 43243 | Vaults:5 | Received a gift from Okawaru
 43409 | Vaults:4 | Killed an ancient lich
 43420 | Vaults:4 | Killed a dread lich
 43717 | Vaults:5 | Identified the +10 falchion of the Sugar Beet {vamp, *Slow
                  | rC+ Dex+3}
 43740 | Vaults:4 | Received a gift from Okawaru
 43740 | Vaults:4 | Found the +11 Singing Sword {sonic wave}
 43793 | Vaults:5 | Noticed an ancient lich
 44158 | Vaults:5 | Noticed an ancient lich
 45066 | Vaults:4 | Killed an ancient lich
 45080 | Vaults:4 | Identified the +0 scale mail "Geti Uwk" {rC++} (Okawaru
                  | gifted it to you on level 4 of the Vaults)
 45080 | Vaults:4 | Received a gift from Okawaru
 45086 | Vaults:4 | Reached XP level 22. HP: 101/224 MP: 22/22
 45152 | Vaults:4 | Paralysed by something for 2 turns
 45712 | Vaults:4 | Killed an ancient lich
 46496 | Vaults:5 | Identified the +4 spear of Day {flame, rF++ Dex-5}
 46595 | Vaults:5 | Got a silver rune of Zot
 46713 | Vaults:5 | Identified the +5 scale mail of the Chupacabra {rF+ Str+2}
 46714 | Vaults:5 | Identified the +0 plate armour of Terror {rPois rCorr}
 46715 | Vaults:5 | Identified the +3 chain mail of the Bulwark {rF- rC+++
                  | Dex+4}
 47574 | Crypt:1  | Entered Level 1 of the Crypt
 48194 | Crypt:1  | Reached skill level 25 in Fighting
 48213 | Crypt:1  | Identified the +2 hat of the Butterfly {Rampage rC+ MP+9
                  | Stlth-} (Okawaru gifted it to you on level 1 of the Crypt)
 48213 | Crypt:1  | Received a gift from Okawaru
 48325 | Crypt:1  | Found the +10 morningstar "Eos" {elec, Halo rElec}
 48699 | Crypt:2  | HP: 5/222 [jiangshi[a curse skull] (15)]
 48699 | Crypt:2  | Slain by a skeletal warrior

Illustrated notes

Levels and vault maps discovered:
D:1:      nzn_arrival_crosshair, layout_rooms, serial_aquarium,
          aquarium_bridge_island_small [aquarium_subvault_small_open,
          aquarium_subvault_bridge, aquarium_subvault_bridge,
          aquarium_subvault_window, aquarium_subvault_balcony],
          aquarium_window_corridor_3, aquarium_window_fake, aquarium_window_1,
          aquarium_view_2e, aquarium_view_2b, aquarium_pool_five
D:2:      layout_basic, serial_shops, shop, uniq_natasha, uniq_sigmund
D:3:      minmay_spotlight, layout_loops_ring,
          amcnicky_mini_rare_corridor_liquid
D:4:      layout_layer_cave, mainiacjoe_overflow_24_doors, serial_shops, shop,
          uniq_edmund, uniq_ijyb
D:5:      layout_loops_corners
D:6:      layout_loops_ring, gammafunk_temple_overflow_elements, fedhas_altar_1,
          nrook_uturn, minmay_unpleasant_kobolds, uniq_blork_the_orc
D:7:      layout_basic, lemuel_doored_altar, minmay_temple_entry_proselytizer
D:8:      layout_basic, serial_shops, shop_fountains
D:9:      kennysheep_blocky_room, layout_basic, kennysheep_mini_moat,
          enter_bailey_2, disabler_island
D:10:     minmay_flawed_box, layout_cave_pools, lemuel_crystal_altar,
          mainiacjoe_overflow_cross_hatched, lemuel_round_altar,
          old_standard_altar, serial_column_ruins, column_ruins_hut,
          column_ruins_grid_1, column_ruins_grid_3, column_ruins_corridor_T,
          column_ruins_corridor_straight, column_ruins_grid_3,
          roderic_serpentine_path, eino_house_with_fridge
D:11:     layout_basic, lair_entry_dummy
D:12:     layout_small_grid, orc_0_dummy, uniq_snorg, uniq_kirke
D:13:     layout_grid_maze, serial_shops, shop, uniq_erolcha
D:14:     layout_roguey, grunt_vaults_entry_fortified,
          okawaru_metal_pillars_1_2, gammafunk_ghost_necromancy,
          gauntlet_entry_generic
D:15:     gammafunk_depths_entry_grave, layout_gridville, vehumet_crystals
Lair:1:   layout_cave_pods, lemuel_fruit_tree
Lair:2:   layout_cave_shapes, spider_nest_entry_funnel_web,
          infiniplex_staircase_pool
Lair:3:   layout_long_grid, shoals_dummy_entry, serial_bayou_pond_a,
          hibernation_bobbens, infiniplex_staircase_pool_2, uniq_gastronok
Lair:4:   layout_gridlike, nicolae_slime_entry_field_trip,
          amcnicky_altar_lugonu_corruption, uniq_nessos
Lair:5:   hangedman_lair_tendril_chambers, layout_cave_pods,
          nicolae_lair_lindhole
Shoals:1: layout_shoals, nicolae_island_escapes
Shoals:2: layout_shoals, serial_shops, shop, nicolae_shoals_hidden_pirate_stash
Shoals:3: layout_shoals
Shoals:4: shoals_end_hellmonk_lost_city
Spider:1: layout_spider_delve, drop_trap, uniq_donald
Spider:2: layout_spider_delve, drop_trap, uniq_arachne, uniq_frances
Spider:3: layout_chambers, special_room [special_room_bee], uniq_mara,
          uniq_aizul
Spider:4: guppyfry_spider_rune
Orc:1:    layout_caves, uniq_harold, uniq_urug
Orc:2:    grunt_orc_cross, layout_caves, ebering_ghost_gozag,
          nicolae_orc_rockfall
Elf:1:    nicolae_elf_arrival_fired_up, layout_loops_cross, serial_shops,
          nicolae_shop_window_shopping, evilmike_minifort, uniq_azrael
Elf:2:    nicolae_elf_blades_splatter_lattice
          [nicolae_blade_entry_diamond_columns], layout_loops_ring,
          serial_shops, shop, item_on_display_a, minmay_shoptagon
Elf:3:    grunt_elf_hall_diamonds, layout_geoelf_octagon, serial_shops, shop,
          enter_trove_0, minivault_25, hangedman_elf_represent
Vaults:1: nicolae_vaults_octagons, hangedman_vaults_locks, grunt_vaults_focal,
          nicolae_vaults_trapezoid_lopsided_3, ontoclasm_vaults_spin,
          layout_vaults_omnigrid, serial_shops, shop
Vaults:2: nicolae_vaults_ellipses_ellipsis, vaults_room_stairs_pillars,
          nicolae_vaults_turnstiles, v_misc_32, nicolae_vaults_sesquioval_fish,
          nicolae_vaults_shipping_containers_6, vaults_mumra_chevron,
          hangedman_vaults_snaps, nicolae_vaults_weapon_check,
          nicolae_vaults_trapezoid_lopsided_2, ontoclasm_vaults_idyll,
          nicolae_vaults_trapezoid_3, layout_vaults_maze, serial_shops,
          nicolae_diamond_shop
Vaults:3: nicolae_vaults_mini_display_case, v_misc_5, nicolae_vaults_network_s,
          minmay_crypt_entry_necro_gods, nicolae_vaults_doubleplus_tesselated,
          nicolae_vaults_trapezoid_layered, nicolae_vaults_diamond_2,
          layout_vaults_chaotic_city, serial_shops, shop
Vaults:4: nicolae_vaults_closet_pinwheel_6, nicolae_vaults_trapezoid_3,
          v_misc_10, v_misc_1, ontoclasm_vaults_chip, ontoclasm_vaults_tryst,
          nicolae_vaults_frosty_reception, nicolae_vaults_sightless_eye,
          v_alt_pattern_1, v_misc_17, nicolae_vaults_security_offices_2,
          nicolae_vaults_diamond_1, ontoclasm_vaults_twist, layout_vaults_ring
Vaults:5: serial_shops
Crypt:1:  layout_rooms, item_on_display_a
Crypt:2:  layout_chaotic_city, lemuel_freeze_loot_1, grunt_megastairs_4

Skill      XL: |  1  2  3  4  5  6  7  8  9 10 11 12 13 14 15 16 17 18 19 20 21 22 |
---------------+-------------------------------------------------------------------+-----
Fighting       | 4 5 6 8 9 10 12 14 16 17 19 20 21 22 23 24 25 | 25.1
Armour         | 5 6 7 8 10 11 13 14 15 16 17 18 19 20 21 22 | 22.3
Long Blades    | 4 5 7 9 10 12 14 15 16 17 19 20 21 22 23 24 | 24.5
Dodging        | 1 2 3 4 5 6 7 |  7.1
Shields        | 4 5 6 8 9 10 11 12 13 15 16 18 20 22 24 | 24.9
Evocations     | 1 2 3 |  3.7
Stealth        | 1 2 |  2.5
Invocations    | 1 2 |  2.4
Short Blades   | |  0.5

Action                     |  1- 3 |  4- 6 |  7- 9 | 10-12 | 13-15 | 16-18 | 19-21 | 22-24 || total
---------------------------+-------+-------+-------+-------+-------+-------+-------+-------++-------
  Melee: Long sword        |    59 |   103 |   274 |       |       |       |       |       ||   436
         Headbutt          |     7 |    22 |    75 |   146 |   335 |   269 |   389 |   104 ||  1347
         Dagger            |    18 |       |    13 |       |       |       |       |       ||    31
         Falchion          |       |       |    65 |   153 |       |       |       |       ||   218
         Demon blade       |       |       |       |   540 |  1252 |   577 |       |       ||  2369
         Double sword      |       |       |       |       |       |   615 |  1264 |   295 ||  2174
 Invoke: Heroism           |       |       |       |     5 |    11 |     1 |    11 |     3 ||    31
  Evoke: Wand              |       |     4 |     8 |    11 |    13 |       |     8 |     2 ||    46
    Use: Potion            |     2 |     1 |       |     4 |     4 |    10 |     5 |     4 ||    30
         Scroll            |     1 |     4 |     5 |    19 |     5 |    12 |     9 |     7 ||    62
   Stab: Distracted        |       |       |       |     1 |       |       |       |       ||     1
 Armour: Scale mail        |    34 |    23 |       |       |       |       |       |       ||    57
         Chain mail        |       |     3 |     7 |       |       |       |       |       ||    10
         Plate armour      |       |       |   180 |   291 |   788 |  1161 |  1591 |   230 ||  4241
  Dodge: Dodged            |    34 |    32 |   118 |   189 |   468 |   558 |   838 |   130 ||  2367
  Block: Buckler           |    14 |    17 |    73 |   169 |   385 |   213 |       |       ||   871
         Kite shield       |       |       |       |       |       |   721 |  1828 |   369 ||  2918
         Reflection        |       |       |       |       |       |    56 |    38 |    27 ||   121
